 Dungeon Crawl Stone Soup version 0.30-a0-718-geaa24f58ff (webtiles) character file.

Game seed: 8184686979139471084

2828 DungeonMaster the Magician (level 9, -15/57 HPs)
             Began as a Demonspawn Hedge Wizard on Jan 25, 2023.
             Demolished by a two-headed ogre
             ... wielding a +0 giant club
              (16 damage)
             ... on level 9 of the Dungeon.
             The game lasted 00:23:39 (8533 turns).

DungeonMaster the Magician (DsHW)                   Turns: 8533, Time: 00:23:40

Health: -15/57     AC:  2    Str: 11    XL:     9   Next: 45%
Magic:  0/20       EV: 12    Int: 20    God:
Gold:   482        SH:  8    Dex: 12    Spells: 17/23 levels left

rFire   . . .      SeeInvis .    a - +3 dagger (venom)
rCold   . . .      Faith    .    (no shield)
rNeg    + . .      Spirit   +    g - +0 robe
rPois   .          Reflect  .    c - +0 hat
rElec   .          Harm     .    (no cloak)
rCorr   .          Rampage  .    (gloves unavailable)
Will    .....                    (no boots)
Stlth   ++                       C - amulet of magic regeneration
HPRegen 0.29/turn                x - ring of positive energy
MPRegen 0.74/turn                (no ring)

@: very slightly contaminated
A: large bone plates 1, magic shield, magic regeneration, condensation shield,
demonic touch 3
a: no special abilities


You were on level 9 of the Dungeon.
You visited 2 branches of the dungeon, and saw 10 of its levels.

You collected 482 gold pieces.

Inventory:

Hand Weapons
 a - a +3 dagger of venom (weapon)
 d - a +0 quarterstaff
 s - a +0 long sword
 D - a +1 short sword of speed
 G - a +1 dire flail of protection
 H - a +1 heavy spear
 I - a +3 flail of freezing
Missiles
 r - 15 poisoned darts
Armour
 c - a +0 hat (worn)
 g - a +0 robe (worn)
 p - a +0 kite shield
Jewellery
 x - a ring of positive energy (left hand)
 C - an amulet of magic regeneration (around neck)
 E - a ring of poison resistance
Wands
 v - a wand of charming (7)
 y - a wand of polymorph (20)
 z - a wand of flame (14)
 J - a wand of iceblast (15)
Scrolls
 i - 4 scrolls of fog
 k - 2 scrolls of amnesia
 u - 4 scrolls of silence
 B - a scroll of magic mapping
 F - a scroll of teleportation
 K - a scroll of immolation
Potions
 b - 6 potions of might
 e - 6 potions of lignification
 f - a potion of haste {unknown}
 h - 2 potions of invisibility
 j - a potion of resistance {unknown}
 l - 4 potions of curing
 m - 2 potions of heal wounds {unknown}
 n - 4 potions of flight
 o - a potion of attraction {unknown}
 q - a potion of magic
 t - a potion of degeneration {unknown}
 w - a potion of cancellation {unknown}
 A - a potion of mutation {unknown}


   Skills:
 - Level 1.7 Dodging
 - Level 1.7 Stealth
 * Level 7.7 Spellcasting
 * Level 7.7 Conjurations
 - Level 1.0 Summonings
 - Level 0.8 Translocations
 * Level 6.5 Air Magic


You had 17 spell levels left.
You knew the following spells:

 Your Spells              Type           Power      Damage    Failure   Level
a - Magic Dart            Conj           100%       1d8       1%          1
b - Blink                 Tloc           22%        N/A       10%         2
d - Mephitic Cloud        Conj/Pois/Air  26%        N/A       3%          3

Your spell library contained the following spells:

 Spells                   Type           Power      Damage    Failure   Level
 Poisonous Vapours        Pois/Air       40%        N/A       3%          2
 Cigotuvi's Dreadful Rot  Necr/Pois/Air  32%        N/A       5%          2
 Necrotise                Necr           28%        1d5       9%          1
 Slow                     Hex            28%        N/A       9%          1
 Call Imp                 Summ           11%        N/A       9%          2
 Vampiric Draining        Necr           7%         2d6       26%         3
 Agony                    Necr           7%         N/A       94%         5


Dungeon Overview and Level Annotations

Branches:
Dungeon (9/15)             Temple (1/1) D:7
   Lair: D:8-11         Orc: D:9-12

Altars:
Ashenzari
Cheibriados
Dithmenos
Fedhas
Hepliaklqana
Kikubaaqudgha
Makhleb
Nemelex Xobeh
Okawaru
Qazlal
Ru
Sif Muna
Trog
Uskayaw
Wu Jian
Xom
Yredelemnul

Annotations:
D:8 exclusion: door


Innate Abilities, Weirdness & Mutations

You are partially covered in large bone plates. (SH +4)
When hurt, damage is shared between your health and your magic reserves.
You regenerate magic rapidly.
A meltable shield of frost defends you. (SH +4)
Your touch may irresistibly damage your foes and sap their willpower.


Message History

A two-headed ogre is nearby!
You fade into invisibility!
The helpless two-headed ogre fails to defend itself.
You hit the two-headed ogre.
The two-headed ogre is poisoned.
The two-headed ogre is lightly wounded.
The two-headed ogre hits you with a +0 giant club!!
The two-headed ogre hits you with a +0 giant club!
Casting: Magic Dart (safe; 1% risk of failure)
Confirm with . or Enter, or press ? or * to list all spells.
Aiming: Mephitic Cloud (dangerous; 3% risk of failure)
Press: ? - help, Shift-Dir - straight line, f - two-headed ogre
Aim: a two-headed ogre, wielding two +0 giant clubs (lightly wounded, unable to see you, very poisoned, chance to affect: 53%)
You miscast Mephitic Cloud.
You are very lightly contaminated with residual magic.
Nothing appears to happen.
You flicker for a moment.
Casting: Mephitic Cloud (dangerous; 3% risk of failure)
Confirm with . or Enter, or press ? or * to list all spells.
Aiming: Mephitic Cloud (dangerous; 3% risk of failure)
Press: ? - help, Shift-Dir - straight line, f/p - two-headed ogre
Aim: a two-headed ogre, wielding two +0 giant clubs (lightly wounded, wandering, unable to see you, very poisoned, hasn't noticed you, chance to affect: 53%)
The ball explodes into a vile cloud!
The stinking cloud engulfs the two-headed ogre but does no damage.
The two-headed ogre is lightly wounded.
You hear an angry hiss.
The two-headed ogre is engulfed in noxious fumes.
You completely miss the two-headed ogre.
The two-headed ogre shouts in stereo!
The two-headed ogre is lightly wounded.
The two-headed ogre hits you with a +0 giant club!!
* * * LOW HITPOINT WARNING * * *
The two-headed ogre hits you with a +0 giant club!
* * * LOW HITPOINT WARNING * * *
Found a potion of invisibility.
You flicker back into view.
The two-headed ogre shouts in stereo!
The two-headed ogre attacks as you move away!
You block the two-headed ogre's attack.
The two-headed ogre hits you with a +0 giant club!!
You die...

..<###..
#......
#>..#.#
#.#.#
#.#.#
#.#.###
#<....#
#####O#
#@# #.#
#.! ####


You could see a two-headed ogre (poisoned).

Vanquished Creatures
  Eustachio (D:5)
  A steam dragon (D:8)
  A water moccasin (D:6)
  Duvessa (D:6)
  An ice beast (D:5)
  An orc warrior (D:8)
  2 sky beasts (D:6)
  An ogre (D:3)
  2 centaurs
  A phantom (D:5)
  A kobold brigand (D:7)
  2 necrophages
  A scorpion (D:6)
  5 bullfrogs
  A gnoll sergeant (D:6)
  5 wights
  Dowan (D:6)
  A jelly (D:6)
  3 hounds
  2 orc priests
  6 iguanas
  4 orc wizards
  6 adders
  6 gnolls
  A shadow imp (D:5)
  5 white imps
  An ufetubus (D:4)
  2 worms
  3 dart slugs
  23 orcs
  6 ball pythons
  6 endoplasms
  4 giant cockroaches
  9 goblins
  11 hobgoblins
  6 jackals (D:3)
  7 kobolds
  A quokka (D:2)
  5 bats
  3 frilled lizards
  5 rats
154 creatures vanquished.

Vanquished Creatures (collateral kills)
  A hobgoblin (D:2)
1 creature vanquished.

Grand Total: 155 creatures vanquished

Notes
Turn   | Place    | Note
-------+----------+-------------------------------------------
     0 | D:1      | DungeonMaster the Demonspawn Hedge Wizard began the quest
                  | for the Orb.
     0 | D:1      | Reached XP level 1. HP: 13/13 MP: 4/4
   144 | D:1      | Gained mutation: Your touch may inflict minor irresistible
                  | damage on your foes. [demonic ancestry]
   144 | D:1      | Reached XP level 2. HP: 11/19 MP: 0/6
  1420 | D:2      | Gained mutation: You are partially covered in large bone
                  | plates. (SH +4) [demonic ancestry]
  1420 | D:2      | Reached XP level 3. HP: 24/24 MP: 0/8
  1633 | D:2      | Learned a level 2 spell: Blink
  1637 | D:2      | Learned a level 3 spell: Mephitic Cloud
  1948 | D:2      | Gained mutation: You regenerate magic rapidly. [demonic
                  | ancestry]
  1948 | D:2      | Reached XP level 4. HP: 21/30 MP: 2/9
  2034 | D:2      | Reached skill level 1 in Air Magic
  2808 | D:3      | Found a shimmering blue altar of Sif Muna.
  2816 | D:3      | Gained mutation: When hurt, damage is shared between your
                  | health and your magic reserves. [demonic ancestry]
  2816 | D:3      | Reached XP level 5. HP: 31/35 MP: 11/11
  3053 | D:3      | Found a bloodstained altar of Trog.
  3285 | D:4      | Noticed an ogre
  3306 | D:3      | Killed an ogre
  3487 | D:4      | Gained mutation: Your touch may inflict irresistible damage
                  | on your foes. [demonic ancestry]
  3487 | D:4      | Reached XP level 6. HP: 38/41 MP: 8/12
  4057 | D:5      | Entered Level 5 of the Dungeon
  4195 | D:5      | Reached skill level 5 in Spellcasting
  4195 | D:5      | Gained mutation: Your touch may irresistibly damage your
                  | foes and sap their willpower. [demonic ancestry]
  4195 | D:5      | Reached XP level 7. HP: 46/46 MP: 14/14
  4229 | D:5      | Noticed Eustachio
  4715 | D:5      | Reached skill level 5 in Conjurations
  4819 | D:5      | Killed Eustachio
  5328 | D:6      | Reached XP level 8. HP: 48/52 MP: 16/16
  5475 | D:6      | Noticed Edmund
  5478 | D:6      | Edmund changed into Edmund the water moccasin
  5478 | D:6      | Noticed Edmund
  5488 | D:6      | Killed Edmund the water moccasin
  5894 | D:6      | Reached skill level 5 in Air Magic
  5952 | D:6      | Noticed Duvessa
  5953 | D:6      | Noticed Dowan
  5963 | D:6      | Killed Duvessa
  5967 | D:6      | Killed Dowan
  6737 | D:7      | Found a staircase to the Ecumenical Temple.
  6769 | Temple   | Entered the Ecumenical Temple
  7051 | D:6      | Gained mutation: A meltable shield of frost defends you.
                  | (SH +4) [demonic ancestry]
  7051 | D:6      | Reached XP level 9. HP: 45/57 MP: 12/19
  8176 | D:8      | Found a sacrificial altar of Ru.
  8178 | D:8      | Found a hide-covered altar of Uskayaw.
  8178 | D:8      | Found a stormy altar of Qazlal.
  8407 | D:8      | Found a hazy altar of Hepliaklqana.
  8517 | D:9      | Noticed a two-headed ogre
  8529 | D:9      | HP: 1/57 [two-headed ogre/+0 giant club (11)]
  8533 | D:9      | Demolished by a two-headed ogre

Illustrated notes

Levels and vault maps discovered:
D:1:      amcnicky_arrival_wind_blow, layout_basic
D:2:      cheibrodos_greedy_goblins, layout_rooms
D:3:      layout_loops_corners, bloody_trog, kennysheep_orc_sif_temple
D:4:      layout_basic, nrook_campfire
D:5:      layout_cave_pods, uniq_eustachio
D:6:      layout_basic, uniq_duvessa, uniq_edmund
D:7:      layout_basic, minmay_temple_entry_gardened_gates
D:8:      layout_loops_ring, nicolae_hepliaklqana_monster_ancestors,
          mainiacjoe_overflow_alcove_3, lemuel_flame_loot_1
D:9:      layout_basic, grunt_gozag_breadcrumbs, lair_entry_dummy
Temple:   hellmonk_temple_forest_ring

Skill      XL: |  1  2  3  4  5  6  7  8  9 |
---------------+----------------------------+-----
Conjurations   | 2 3 4 5 7 |  7.7
Air Magic      | 1 2 3 4 5 6 |  6.5
Spellcasting   | 4 5 7 |  7.7
Dodging        | |  1.7
Stealth        | |  1.7
Summonings     | |  1.0
Translocations | |  0.8

Action                     |  1- 3 |  4- 6 |  7- 9 || total
---------------------------+-------+-------+-------++-------
  Melee: Dagger            |     8 |    44 |   138 ||   190
         Falchion          |    14 |     9 |       ||    23
         Touch             |     4 |    10 |    27 ||    41
         Punch             |       |       |     4 ||     4
   Cast: Magic Dart        |    88 |   107 |   192 ||   387
         Mephitic Cloud    |       |     2 |    18 ||    20
         Blink             |       |     1 |       ||     1
  Evoke: Wand              |       |     3 |    12 ||    15
    Use: Scroll            |     4 |     8 |     6 ||    18
         Potion            |       |       |     3 ||     3
   Stab: Confused          |       |     2 |     3 ||     5
         Distracted        |       |       |     1 ||     1
         Sleeping          |       |       |     1 ||     1
 Armour: Robe              |     3 |     5 |    17 ||    25
  Dodge: Dodged            |    29 |    30 |    73 ||   132
  Block: Other             |     5 |    13 |    43 ||    61

Table legend: (Time is in decaauts)
 A = Elapsed time spent in this place.
 B = Non-inter-level travel time spent in this place.
 C = Inter-level travel time spent in this place.
 D = Time resting spent in this place.
 E = Time spent auto-exploring this place.
 F = Levels seen in this place.
 G = Mean time per level.
                   A        B        C        D        E       F      G
               +--------+--------+--------+--------+--------+-----+--------+
         Total |   8546 |   8279 |    267 |   1460 |   4949 |  10 |  854.6 |
       Dungeon |   8373 |   8110 |    263 |   1460 |   4793 |   9 |  930.3 |
        Temple |    173 |    169 |      4 |      0 |    156 |   1 |  173.0 |
               +--------+--------+--------+--------+--------+-----+--------+

Top non-repeatable levels by time:
     D:1: 1444 daAuts
     D:5: 1143 daAuts
     D:7: 1074 daAuts
     D:6: 1071 daAuts
     D:8: 996 daAuts
     D:3: 991 daAuts
     D:2: 907 daAuts
     D:4: 726 daAuts
  Temple: 173 daAuts
     D:9: 15 daAuts
